 Dungeon Crawl Stone Soup version 0.31.0-11-ge490571c62 (webtiles) character file.

Game seed: 14921293642451393715

8 Arctor the Firebug (level 2, -1/15 HPs)
             Began as a Deep Elf Fire Elementalist on Feb 1, 2024.
             Slain by a quokka (3 damage)
             ... on level 1 of the Dungeon.
             The game lasted 00:00:23 (253 turns).

Arctor the Firebug (Deep Elf Fire Elementalist)      Turns: 253, Time: 00:00:23

Health: -1/15      AC:  2    Str:  5    XL:     2   Next: 0%
Magic:  5/8        EV: 12    Int: 19    God:
Gold:   12         SH:  0    Dex: 15    Spells: 6/7 levels left

rFire   . . .        (no weapon)
rCold   . . .        (no shield)
rNeg    . . .        a - +0 robe
rPois   .            (no helmet)
rElec   .            (no cloak)
rCorr   .            (no gloves)
SInv    .            (no boots)
Will    .....        (no amulet)
Stlth   ++           (no ring)
HPRegen 0.22/turn    (no ring)
MPRegen 0.11/turn

%: no passive effects
@: no status effects
A: no striking features
a: no special abilities


You were on level 1 of the Dungeon.
You visited 1 branch of the dungeon, and saw 1 of its levels.

You collected 12 gold pieces.

Inventory:

Armour
 a - a +0 robe (worn)
Scrolls
 c - 2 scrolls of identify {unknown}
Potions
 b - a potion of magic


   Skills:
 + Level 2.6 Dodging
 + Level 2.7 Stealth
 + Level 3.2 Spellcasting
 + Level 1.3 Conjurations
 + Level 3.4 Fire Magic


You had 6 spell levels left.
You knew the following spells:

 Your Spells              Type           Power      Damage    Failure   Level
a - Foxfire               Conj/Fire      48%        2x1d6     5%          1

Your spell library contained the following spells:

 Spells                   Type           Power      Damage    Failure   Level
 Scorch                   Fire           32%        2d6       5%          2
 Inner Flame              Hex/Fire       9%         N/A       22%         3
 Volatile Blastmotes      Fire/Tloc      18%        2d11      22%         3
 Flame Wave               Conj/Fire      12%        2d6       50%         4


Dungeon Overview and Level Annotations

Branches:
Dungeon (1/15)

Altars:


Message History

A gnoll is nearby!
The gnoll shouts!
A quokka comes into view.
You conjure some foxfire!
Your foxfire dissipates!
Found 2 green potions and a club.
The foxfire hits the gnoll.
The gnoll is moderately wounded.
There are monsters nearby!
You completely miss the gnoll.
The gnoll is moderately wounded.
The quokka bites you. The gnoll hits you but does no damage.
There are monsters nearby!
You hit the gnoll but do no damage.
The gnoll is moderately wounded.
The quokka barely misses you. The gnoll misses you.
You conjure some foxfire!
The quokka misses you. The gnoll hits you with a +0 club!
You are too injured to fight recklessly!
There are monsters nearby!
You are too injured to fight recklessly!
You are too injured to fight recklessly!
Unknown command.
Your foxfire dissipates!
The foxfire hits the gnoll but does no damage.
The gnoll is moderately wounded.
The gnoll attacks as it pursues you! The gnoll hits you with a +0 club.
* * * LOW HITPOINT WARNING * * *
Casting: Foxfire (safe; 5% risk of failure)
Confirm with . or Enter, or press ? or * to list all spells.
You conjure some foxfire!
The quokka barely misses you. The quokka closely misses you.
The gnoll hits you with a +0 club.
* * * LOW HITPOINT WARNING * * *
Your foxfire dissipates!
The foxfire hits the gnoll.
The gnoll is heavily wounded.
The quokka attacks as it pursues you! The quokka barely misses you.
Casting: Foxfire (safe; 5% risk of failure)
Confirm with . or Enter, or press ? or * to list all spells.
You conjure some foxfire!
The quokka bites you.
You die...

######.# #.#
.......# #.#
######.###.#######
# #...........#
### #.###.#####.#
..####.# #.# #.#
.....#.###.# #.#
#..(...)...# #v#
####.#.##### #@##
#.#.# #rg####
#...# #..(..# #
#.### #.........#
# #.# #)!P.PPP...#
####.#
#..P...PP..#
...#.##
#.P....PP..#
...'..#
#.P.......##
...##.#
........P.#


You could see a gnoll and a quokka (ally target).

Vanquished Creatures
  A dart slug (D:1)
  A goblin (D:1)
  2 bats (D:1)
  3 rats (D:1)
7 creatures vanquished.

Vanquished Creatures (others)
  18 foxfires (D:1)
18 creatures vanquished.

Grand Total: 25 creatures vanquished

Notes
Turn   | Place    | Note
-------+----------+-------------------------------------------
     0 | D:1      | Arctor the Deep Elf Fire Elementalist began the quest for
                  | the Orb.
     0 | D:1      | Reached XP level 1. HP: 10/10 MP: 6/6
   179 | D:1      | Reached XP level 2. HP: 12/15 MP: 5/8
   253 | D:1      | Slain by a quokka

Illustrated notes

Levels and vault maps discovered:
D:1:      minmay_arrival_cross, layout_loops_ring, nicolae_grassy_gnolls

Action                     || total
---------------------------++-------
  Melee: Unarmed           ||    14
   Cast: Foxfire           ||    16
   Stab: Sleeping          ||     1
 Armour: Robe              ||    10
  Dodge: Dodged            ||    17
